 Dungeon Crawl Stone Soup version 0.24.0-10-g970556be89 (webtiles) character file.

Game seed: 13789610828766745610, levelgen mode: deterministic

156 Froggeryz the Chiller (level 5, -6/24 HPs)
             Began as a Vine Stalker Ice Elementalist on Nov 4, 2019.
             Was an Initiate of Vehumet.
             Mangled by an ogre
             ... wielding a +0 giant club
              (12 damage)
             ... on level 5 of the Dungeon.
             The game lasted 00:05:32 (3198 turns).

Froggeryz the Chiller (VSIE)                        Turns: 3198, Time: 00:05:33

Health: -6/24      AC:  3    Str: 11    XL:     5   Next: 37%
Magic:  0/9        EV: 12    Int: 16    God:    Vehumet [......]
Gold:   171        SH:  0    Dex: 14    Spells: 3/8 levels left

rFire    x . .     SeeInvis .   m - +4 short sword
rCold    + . .     Gourm    .   (no shield)
rNeg     . . .     Faith    .   a - +1 robe
rPois    .         Spirit   +   (no helmet)
rElec    .         Reflect  .   (no cloak)
rCorr    .         Harm     .   (no gloves)
MR       .....                  (no boots)
Stlth    ++........             (no amulet)
HPRegen  0.48/turn              k - ring of ice
MPRegen  0.11/turn              o - ring of wizardry

@: no status effects
A: fangs 2, regeneration 1, magic shield, antimagic bite, no potion heal 3, rot
immunity
a: Renounce Religion


You were on level 5 of the Dungeon.
You worshipped Vehumet.
Vehumet was noncommittal.
You were hungry.

You visited 2 branches of the dungeon, and saw 6 of its levels.

You collected 171 gold pieces.

Inventory:

Hand Weapons
 m - a +4 short sword (weapon)
Armour
 a - a +1 robe (worn)
Jewellery
 g - an uncursed ring of protection from cold {unknown}
 h - an uncursed ring of fire
 k - a ring of ice (left hand)
 o - a ring of wizardry (right hand)
 t - a +3 ring of protection {unknown}
 v - an uncursed ring of stealth {unknown}
Scrolls
 b - a scroll of identify
 i - a scroll of enchant armour
 l - 3 scrolls of enchant weapon
 p - a scroll of teleportation
 w - a scroll of random uselessness {unknown}
Potions
 d - 2 potions of heal wounds {unknown}
 e - a potion of brilliance {unknown}
 f - a potion of might {unknown}
 j - 2 potions of cancellation
 q - 2 potions of haste {unknown}
 s - a potion of flight {unknown}
 u - a potion of curing {unknown}
Comestibles
 c - 13 rations


   Skills:
 - Level 1.5 Dodging
 - Level 2.4 Stealth
 - Level 2.1 Spellcasting
 - Level 1.0 Conjurations
 + Level 5.9 Ice Magic


You had 3 spell levels left.
You knew the following spells:

 Your Spells              Type           Power        Failure   Level  Hunger
a - Freeze                Ice            ####         1%          1    #......
b - Throw Icicle          Conj/Ice       ###.....     19%         4    #####..

Your spell library contained the following spells:

 Spells                   Type           Power        Failure   Level  Hunger
 Throw Frost              Conj/Ice       ###...       3%          2    ###....
 Ozocubu's Armour         Chrm/Ice       ###.....     8%          3    ###....
 Summon Ice Beast         Ice/Summ       ###.....     24%         4    #####..


Dungeon Overview and Level Annotations

Branches:
Dungeon (5/15)             Temple (1/1) D:4

Altars:
Dithmenos
Nemelex Xobeh
Ru
Sif Muna
Uskayaw
Vehumet
Xom
Zin

Annotations:
D:3 2 transporters, mitkoXXVII's ghost, amateur OgCj


Innate Abilities, Weirdness & Mutations

You have extremely sharp teeth.
Your natural rate of healing is unusually fast.
When hurt, damage is shared between your health and your magic reserves.
Your bite disrupts and absorbs the magic of your enemies.
Potions cannot restore your health.
You are immune to rotting.


Message History

The ogre closely misses you.
You hit the ogre.
The ogre is heavily wounded.
The ogre hits you with a +0 giant club!!
Ouch! That really hurt!
* * * LOW HITPOINT WARNING * * *
You are too injured to fight recklessly!
Casting: Throw Icicle (slightly dangerous; 19% risk of failure)
Confirm with . or Enter, or press ? or * to list all spells.
You don't have enough magic to cast that spell.
You aren't carrying any items that you can evoke.
Okay, then.
Unknown command.
You hit the ogre.
The ogre is severely wounded.
You hit the ogre. You bite the ogre. You drain its power.
You feel invigorated.
The ogre is almost dead.
The ogre hits you with a +0 giant club!!
Ouch! That really hurt!
You die...

### ..##
### #
#......
#.##.$#.#
#....O..#
#>@#
#.......#
...#######
####


You could see an ogre.

Vanquished Creatures
  Terence (D:3)
  5 adders
  A gnoll (D:5)
  A worm (D:3)
  A dart slug (D:1)
  4 leopard geckos
  2 orcs
  3 giant cockroaches
  9 goblins
  4 hobgoblins
  6 jackals
  2 quokkas
  2 ball pythons
  7 bats
  5 frilled lizards
  7 kobolds
  6 rats
66 creatures vanquished.

Notes
Turn   | Place    | Note
-------+----------+-------------------------------------------
     0 | D:1      | Froggeryz the Vine Stalker Ice Elementalist began the quest
                  | for the Orb.
     0 | D:1      | Reached XP level 1. HP: 9/9 MP: 4/4
   401 | D:1      | Reached XP level 2. HP: 8/13 MP: 4/6
   974 | D:2      | Reached skill level 4 in Ice Magic
   985 | D:2      | Reached XP level 3. HP: 15/16 MP: 7/7
  1450 | D:2      | Gained mutation: Your natural rate of healing is unusually
                  | fast. [Vine Stalker growth]
  1450 | D:2      | Reached XP level 4. HP: 19/21 MP: 8/8
  1816 | D:3      | Reached skill level 5 in Ice Magic
  1918 | D:3      | Noticed Terence
  1951 | D:3      | Killed Terence
  1971 | D:3      | Found a transporter.
  2052 | D:3      | Learned a level 4 spell: Throw Icicle
  2071 | D:3      | Reached XP level 5. HP: 23/24 MP: 9/9
  2177 | D:3      | Noticed mitkoXXVII's ghost (amateur OgCj)
  2191 | D:3      | Found a transporter.
  2492 | D:4      | Found a sacrificial altar of Ru.
  2558 | D:4      | Found a staircase to the Ecumenical Temple.
  2570 | Temple   | Entered the Ecumenical Temple
  2600 | Temple   | Became a worshipper of Vehumet
  3080 | D:5      | Entered Level 5 of the Dungeon
  3170 | D:5      | Noticed a sky beast
  3170 | D:5      | Noticed a centaur
  3194 | D:5      | Noticed an ogre
  3198 | D:5      | Mangled by an ogre

Levels and vault maps discovered:
D:1:      dpeg_arrival_simpleton_a, layout_basic, st_stairs_7, minmay_tripent
D:2:      layout_loops_ring
D:3:      layout_basic, gammafunk_ghost_arena, first_ration, uniq_terence
D:4:      layout_loops_ring, minmay_temple_entry_arrows,
          nicolae_ru_sacrificial_ziggurat
D:5:      minmay_goblin_kobold_castle, layout_loops_cross,
          minmay_misc_feat_roman, nemelex_lonely_heart_becter
Temple:   regret_index_temple_sigil_plot

Skill      XL: |  1  2  3  4 |
---------------+-------------+-----
Ice Magic      | 4 5 |  5.9
Dodging        | |  1.5
Stealth        | |  2.4
Spellcasting   | |  2.1
Conjurations   | |  1.0

Action                   |  1- 3 |  4- 6 || total
-------------------------+-------+-------++-------
Melee: Mace              |    19 |       ||    19
       Bite              |    17 |    23 ||    40
       Unarmed           |     1 |       ||     1
       Short sword       |    61 |   111 ||   172
 Cast: Freeze            |    11 |     6 ||    17
       Throw Icicle      |       |     1 ||     1
  Use: Scroll            |       |     7 ||     7
 Stab: Sleeping          |     3 |     4 ||     7
       Distracted        |       |     1 ||     1
  Eat: Chunk             |     1 |     6 ||     7
Armor: Robe              |    25 |    24 ||    49
Dodge: Dodged            |    63 |    75 ||   138
